Map: At Eternity's Edge LE

Players

ViBE - Winner!

  • Race: Terran Terran
  • League: Master

NotoriousGus

  • Race: Zerg Zerg
  • League: Platinum

VOD

Have the link to the VOD?

Description

Time

  • Played on: Oct. 23, 2026, 10:53 p.m.
  • Length: 19:34
Show
View Real Time Build Order
Export as new Build Order

ViBE Terran - Winner!

Build Orders: Mech 

Get SALT Encoding   

  12  0:00  SCV  
  13  0:12  SCV  
  14  0:19  Supply Depot  
  14  0:26  SCV  
  15  0:40  SCV  
  15  0:42  Barracks  
  16  0:46  Refinery  
  16  0:52  SCV  
  17  1:05  SCV  
  18  1:17  SCV  
  19  1:29  Orbital Command  
  19  1:36  Command Center  
  19  1:49  Factory  
  19  1:54  SCV  
  19  2:01  Supply Depot  
  20  2:02  Marine  
  20  2:06  SCV  
  22  2:18  SCV  
  22  2:22  Marine  
  24  2:31  SCV  
  24  2:34  Factory Tech Lab  
  24  2:36  Refinery  
  25  2:40  Marine  
  25  2:43  SCV  
  27  2:50  Supply Depot  
  27  2:51  Orbital Command  
  27  2:53  Siege Tank  
  27  2:56  SCV  
  31  3:05  Marine  
  32  3:08  SCV  
  33  3:16  Supply Depot  
  33  3:17  SCV  
  34  3:20  SCV  
  34  3:25  Siege Tank  
  38  3:29  SCV  
  38  3:33  SCV  
  40  3:37  Factory  
  40  3:41  SCV  
  41  3:43  Supply Depot  
  41  3:45  SCV  
  41  3:47  Barracks Reactor  
  42  3:53  SCV  
  43  3:57  SCV  
  44  4:02  Command Center  
  44  4:05  SCV  
  44  4:09  SCV  
  49  4:10  Siege Tank  
  49  4:17  Armory, SCV  
  49  4:21  SCV  
  51  4:29  SCV  
  52  4:33  SCV  
  52  4:36  Hellion x2  
  57  4:41  SCV  
  57  4:42  Siege Tank  
  57  4:44  Supply Depot  
  57  4:45  SCV  
  62  4:48  Refinery  
  62  4:50  Refinery  
  62  4:52  Supply Depot  
  62  4:53  SCV  
  62  4:57  Hellion x2, SCV  
  62  4:59  Supply Depot  
  68  5:05  SCV  
  69  5:07  Supply Depot  
  69  5:09  SCV  
  70  5:16  Thor  
  70  5:17  Orbital Command  
  70  5:18  SCV  
  77  5:21  SCV  
  77  5:26  Supply Depot x2  
  77  5:27  Hellion  
  77  5:28  Hellion  
  82  5:30  SCV  
  82  5:32  Orbital Command  
  82  5:33  Supply Depot  
  83  5:38  Terran Vehicle Weapons Level 1  
  83  5:40  SCV  
  83  5:42  SCV  
  85  5:52  SCV  
  85  5:54  SCV  
  87  6:01  Factory  
  87  6:02  SCV  
  87  6:04  SCV, Factory  
  89  6:05  Thor  
  89  6:06  SCV  
  89  6:09  Hellion  
  98  6:15  SCV  
  98  6:16  SCV  
  101  6:18  SCV  
  101  6:27  SCV  
  101  6:28  SCV  
  101  6:30  SCV  
  106  6:32  Supply Depot  
  106  6:33  Hellion x2  
  106  6:34  Supply Depot  
  106  6:35  Command Center  
  106  6:39  SCV  
  109  6:40  SCV  
  109  6:42  SCV  
  109  6:43  Armory  
  109  6:45  Engineering Bay  
  111  6:50  Thor  
  111  6:51  SCV, Factory Tech Lab  
  111  6:52  SCV, Factory Tech Lab  
  119  6:54  SCV  
  119  7:00  Refinery x2  
  120  7:02  Hellion x2  
  120  7:03  SCV  
  120  7:04  SCV  
  120  7:06  SCV  
  127  7:12  Thor x2  
  139  7:17  SCV x2  
  139  7:19  SCV  
  142  7:23  Supply Depot  
  142  7:24  Hellion x2  
  142  7:26  Supply Depot  
  146  7:32  SCV x3, Thor  
  155  7:40  Terran Vehicle Weapons Level 2  
  155  7:45  SCV x3, Hellion x2  
  155  7:48  Terran Vehicle And Ship Armor Level 1  
  162  7:54  Command Center  
  162  7:57  SCV x3  
  165  8:08  Thor  
  165  8:09  Hellion  
  165  8:10  Hellion, Refinery  
  165  8:11  Refinery  
  165  8:12  Thor  
  181  8:26  Planetary Fortress  
  181  8:35  Thor  
  187  8:46  Supply Depot x2  
  187  8:53  Hellion  
  187  9:05  Thor x2  
  187  9:09  Command Center  
  199  9:19  Factory  
  199  9:20  Factory x2  
  199  9:24  Factory  
  199  9:42  Factory  
  199  9:44  Factory x2  
  199  9:50  Planetary Fortress, Factory  
  199  10:03  Refinery  
  199  10:06  Hellion  
  195  10:07  Refinery  
  195  10:11  Factory Tech Lab x3  
  195  10:13  Thor x2  
  181  10:14  Thor  
  181  10:16  Hellion  
  179  10:27  Factory Reactor x3  
  179  10:31  Thor  
  179  10:35  Hellion  
  187  10:36  Thor  
  187  10:39  Factory Reactor  
  193  10:46  Command Center  
  193  10:47  Thor  
  193  10:49  SCV  
  194  10:52  Hellion  
  190  10:58  Factory  
  190  11:00  Factory  
  190  11:01  Factory  
  184  11:09  Thor  
  188  11:11  Thor  
  194  11:19  Thor  
  200  11:40  Factory x2  
  200  11:53  Planetary Fortress  
  200  11:57  Factory Tech Lab x3  
  200  12:04  Factory Tech Lab  
  200  12:08  Terran Vehicle Weapons Level 3, Terran Vehicle And Ship Armor Level 2  
  194  12:18  Command Center  
  194  12:19  Infernal Pre-Igniter, Smart Servos  
  194  12:23  Neosteel Armor  
  194  12:25  Thor, Factory Tech Lab  
  194  12:26  Factory Tech Lab  
  200  12:48  Thor  
  200  12:49  Thor x2  
  200  12:50  Hellion x2  
  192  12:52  Missile Turret  
  192  12:55  Missile Turret  
  192  12:56  Missile Turret  
  154  12:59  Missile Turret  
  154  13:00  Thor x2  
  154  13:02  Hellbat x8  
  154  13:04  Missile Turret  
  154  13:05  Thor  
  176  13:08  Missile Turret  
  176  13:09  Thor  
  182  13:14  Unknown  
  182  13:18  Planetary Fortress  
  170  13:22  Thor  
  170  13:24  Hellbat  
  170  13:25  Hellbat x8  
  170  13:26  Hellbat  
  190  13:28  Missile Turret  
  190  13:29  Thor  
  190  13:30  Hellbat x2  
  200  13:51  Command Center  
  200  14:04  Hi-Sec Auto Tracking  
  196  14:20  Thor  
  196  14:23  Hellbat  
  198  14:38  Planetary Fortress  
  198  14:40  Hellbat  
  198  14:44  Missile Turret  
  190  14:57  Terran Vehicle And Ship Armor Level 3  
  142  15:09  Command Center  
  124  15:15  Thor  
  124  15:16  Thor x11  
  124  15:18  Hellbat x6  
  124  15:19  Hellbat x3  
  124  15:20  Hellbat  
  200  15:50  Hellbat  
  198  16:34  Thor  
  198  16:41  Command Center, Thor x2  
  198  16:42  Thor  
  198  16:49  Hellbat  
  194  17:05  Thor  
  199  17:09  Planetary Fortress  
  199  17:10  Missile Turret  
  199  17:13  Thor  
  199  17:15  Hellbat  
  189  17:19  Thor  
  189  17:20  Thor x2  
  189  17:21  Thor x2  
  189  17:22  Thor  
  193  17:24  Thor  
  193  17:25  Thor  
  193  17:26  Hellbat x6  
  197  17:40  Hellbat x3  
  191  17:48  Thor  
  196  17:51  Refinery  
  196  17:53  Refinery  
  196  17:56  Hellbat  
  196  17:57  Hellbat  
  200  18:00  Factory  
  200  18:18  Planetary Fortress  
  200  18:32  Command Center  
  200  18:36  Missile Turret  
  200  19:02  Factory Tech Lab  
Show
View Real Time Build Order
Export as new Build Order

NotoriousGus Zerg 

Build Orders: Hatch First, Lurkers, Roach Hydra 

Get SALT Encoding   

  12  0:11  Drone  
  13  0:19  Overlord  
  13  0:25  Drone  
  14  0:30  Extractor  
  14  0:31  Drone  
  15  0:39  Drone  
  16  0:52  Hatchery  
  15  0:59  Drone x2  
  17  1:06  Drone  
  18  1:21  Spawning Pool  
  18  1:22  Drone  
  18  1:30  Drone  
  19  1:38  Drone  
  20  1:44  Extractor  
  19  1:50  Drone  
  20  1:59  Overlord  
  20  2:09  Queen  
  20  2:10  Queen  
  20  2:13  Drone x2  
  26  2:31  Drone x3  
  26  2:32  Drone  
  30  2:38  Drone  
  30  2:43  Drone  
  32  2:49  Queen  
  32  2:50  Overlord  
  34  3:02  Drone x2  
  34  3:04  Overlord  
  36  3:13  Drone  
  37  3:23  Roach Warren  
  36  3:30  Evolution Chamber  
  36  3:32  Drone x2, Evolution Chamber  
  36  3:36  Lair  
  37  3:41  Drone x5  
  37  3:43  Overlord  
  41  3:49  Drone  
  42  3:56  Zerg Missile Weapons Level 1  
  42  4:12  Extractor x2  
  40  4:22  Hatchery  
  39  4:24  Roach x2  
  39  4:25  Roach  
  39  4:26  Roach x2  
  39  4:30  Roach  
  51  4:38  Drone x9  
  60  4:40  Overlord x3  
  60  4:48  Glial Reconstitution  
  60  5:08  Drone  
  60  5:09  Drone x6  
  67  5:18  Roach x2  
  71  5:24  Queen  
  73  5:36  Drone x2  
  73  5:37  Drone x2  
  73  5:41  Hydralisk Den  
  73  5:42  Zerg Ground Armor Level 1  
  76  5:51  Zerg Missile Weapons Level 2  
  76  5:57  Drone x6  
  76  5:58  Drone  
  76  5:59  Drone x2  
  76  6:02  Overlord x2  
  85  6:11  Overlord  
  85  6:18  Drone x4  
  89  6:27  Extractor x2  
  89  6:31  Drone x4  
  91  6:33  Hydralisk x3  
  91  6:34  Overlord  
  91  6:35  Hatchery  
  91  6:37  Grooved Spines  
  96  6:43  Drone x2, Extractor  
  96  6:45  Drone  
  98  6:49  Infestation Pit  
  97  7:19  Hydralisk x6  
  97  7:20  Hydralisk x3  
  97  7:21  Hydralisk  
  117  7:27  Muscular Augments  
  117  7:40  Zerg Ground Armor Level 2  
  117  7:46  Hive  
  117  7:48  Hydralisk  
  119  8:05  Hydralisk  
  119  8:08  Drone x7  
  119  8:10  Overlord  
  119  8:11  Overlord x4  
  128  8:32  Hydralisk x2  
  128  8:33  Overlord x2  
  128  8:34  Overlord x2  
  132  8:35  Hydralisk x4  
  132  8:36  Drone  
  132  8:37  Drone x7  
  148  8:50  Spine Crawler  
  148  8:51  Spine Crawler x2  
  148  8:53  Extractor  
  144  8:55  Extractor  
  144  8:58  Drone  
  144  8:59  Drone x7  
  144  9:00  Drone x2  
  153  9:04  Hatchery  
  152  9:36  Roach x6  
  152  9:37  Roach  
  168  9:38  Roach x2  
  168  9:39  Roach x4  
  178  9:53  Roach  
  178  9:54  Roach x2  
  178  9:56  Overlord x5  
  178  9:57  Overseer x2  
  178  9:58  Overseer  
  178  9:59  Overseer  
  182  10:12  Roach x8  
  182  10:13  Roach x4  
  168  10:15  Roach x3  
  136  10:22  Roach x5, Lurker Den  
  136  10:27  Roach  
  141  10:31  Roach  
  137  10:38  Roach x5  
  132  10:43  Roach x5  
  129  10:53  Hatchery  
  129  10:54  Roach x5  
  109  10:58  Roach  
  99  11:06  Hydralisk  
  99  11:15  Roach x4  
  84  11:20  Queen x2  
  81  11:25  Roach  
  81  11:26  Roach  
  81  11:32  Hydralisk  
  77  11:41  Hydralisk  
  77  11:42  Hydralisk x6  
  75  11:56  Roach x2  
  72  12:04  Roach x4  
  73  12:13  Lurker x5  
  73  12:14  Lurker  
  77  12:19  Roach x7  
  91  12:31  Hatchery  
  90  12:41  Roach x7  
  90  12:42  Roach  
  106  12:54  Roach  
  106  12:55  Roach  
  104  13:08  Hatchery  
  103  13:13  Adaptive Talons  
  103  13:14  Hydralisk x6  
  113  13:33  Roach x7  
  127  13:46  Drone x6  
  127  14:10  Seismic Spines  
  87  14:47  Roach x7  
  87  14:48  Drone x10  
  87  14:49  Drone x4  
  109  15:01  Roach x4  
  97  15:23  Drone x2  
  97  15:26  Extractor  
  97  15:27  Extractor  
  97  15:30  Roach x9  
  97  15:31  Roach  
  117  15:36  Hatchery  
  116  15:53  Drone x8  
  116  15:55  Roach x3  
  130  16:04  Drone x4  
  134  16:29  Hatchery  
  133  16:33  Roach  
  133  16:34  Roach x7  
  130  17:12  Roach  
  130  17:13  Roach x14  
  159  17:29  Roach x3  
  150  17:30  Roach  
  108  17:51  Drone  
  108  17:52  Drone x8  
  99  18:14  Roach x10  
  119  18:25  Extractor  
  119  18:27  Extractor  
  117  18:31  Roach x4  
  123  18:58  Roach  
  123  18:59  Roach x4  
  123  19:00  Hatchery  
  130  19:09  Roach  
  130  19:10  Roach  
  130  19:11  Roach x2  
Tags
 
Add a new tag
Caveats
  • Supply blocks, unpowered buildings, or Contaminate may cause inaccurate times.
  • Supply counts are checked every 10 seconds.